 Dungeon Crawl Stone Soup version 0.26-a0-812-g31a745ddcd (webtiles) character file.

Game seed: 2765046372890792135

818 Dracia the Destroyer (level 7, -1/50 HPs)
             Began as a Pale Draconian Conjurer on Dec 7, 2020.
             Was an Initiate of Vehumet.
             Slain by a centaur (8 damage)
             ... on level 5 of the Dungeon.
             The game lasted 00:11:33 (5941 turns).

Dracia the Destroyer (Pale Draconian Conjurer)      Turns: 5941, Time: 00:11:33

Health: -1/50      AC: 10    Str:  8 (11) XL:     7   Next: 62%
Magic:  11/14      EV: 12    Int: 20 (21) God:    Vehumet [......]
Gold:   317        SH:  0    Dex:  8 (9)  Spells: 1/15 levels left

rFire    . . .     SeeInvis .   g - +4 spear
rCold    . . .     Faith    .   (no shield)
rNeg     . . .     Spirit   .   (armour unavailable)
rPois    .         Reflect  .   (helmet restricted)
rElec    .         Harm     .   q - +0 cloak
rCorr    .         Rampage  .   w - +1 pair of gloves
MR       .....     Rnd*Tele +   o - +0 pair of boots
Stlth    ++........             (no amulet)
HPRegen  0.16/turn              (no ring)
MPRegen  0.14/turn              (no ring)

@: no status effects
A: breathe steam, unfitting armour, strong 1, teleportitis 1, cold-blooded, AC
+6
a: Breathe Steam, Renounce Religion


You were on level 5 of the Dungeon.
You worshipped Vehumet.
Vehumet was noncommittal.
You visited 2 branches of the dungeon, and saw 6 of its levels.

You collected 317 gold pieces.


Innate Abilities, Weirdness & Mutations

You can breathe blasts of scalding, opaque steam.
Your pale cyan-grey scales are hard. (AC +6)
You cannot fit into any form of body armour.
You are cold-blooded and may be slowed by cold attacks.
Your muscles are strong. (Str +2)
You are occasionally teleported next to monsters.


   Skills:
 - Level 1.7 Dodging
 - Level 1.7 Stealth
 + Level 4.8 Spellcasting
 * Level 8.2 Conjurations


You had one spell level left.
You knew the following spells:

 Your Spells              Type           Power        Failure   Level
d - Dazzling Flash        Conj/Hex       ###...       7%          3
f - Fulminant Prism       Conj/Hex       ###.......   22%         4
s - Searing Ray           Conj           #####.       1%          2
z - Magic Dart            Conj           ####         1%          1
X - Iskenderun's Mystic   Conj/Tloc      ###.....     22%         4

Your spell library contained the following spells:

 Spells                   Type           Power        Failure   Level


Inventory:

Hand Weapons
 c - a +0 short sword
 g - a +4 spear (weapon)
Missiles
 t - 3 curare-tipped darts {=f=f}
Armour
 o - a +0 pair of boots (worn)
 q - a +0 cloak (worn)
 w - a +1 pair of gloves (worn)
Scrolls
 f - a scroll of fear
 h - 2 scrolls of enchant weapon
 i - a scroll of immolation
 j - 3 scrolls of remove curse {@r2@r2}
 m - 8 scrolls of identify {@r1@r1}
 p - 3 scrolls of teleportation {@r4@r4}
Potions
 b - a potion of might
 e - a potion of ambrosia
 r - a potion of haste {@q3@q3}
 s - 3 potions of heal wounds {@q2@q2}
 v - a potion of curing {@q1@q1}

Dungeon Overview and Level Annotations

Branches:
Dungeon (5/15)             Temple (1/1) D:5

Altars:
Ashenzari
Elyvilon
Fedhas
Gozag
Kikubaaqudgha
Okawaru
Ru
Sif Muna
Trog
Uskayaw
Vehumet
Xom
The Shining One

Shops:
D:4 (

Annotations:
D:2 exclusion: Sigmund
D:5 Grinder

###.# #?#.##.#'#.#** ..#.##
##.#.##.....# #....####
#$....###'####
##......#####....##......#
###..#..##...(#####.#####
##.##......## #...#
#####$..#.####.###
*?...[..##...#
**#...##..##@###******
*....####..Zc5..#*,,,**
**#.##.* #..#....$....,,**
***...*#.* #..#..?[.....,,,*
,,,.#**..**#,,..........,,,*
******,,***,,#...$......,,,*
,**,,,,,,,,,*##....[....,,**
,,,,,,***,,**∩##....#...,**
,,,,,,,,,,***+***,,,*,****


You could see Grinder (blind), a centaur and a howler monkey zombie.


Message History

Confirm with . or Enter, or press ? or * to list all spells.
Okay, then.
You feel much better.
You have got your breath back.
The centaur barely misses you. Grinder closely misses you.
Casting: Magic Dart (safe; 1% risk of failure)
Confirm with . or Enter, or press ? or * to list all spells.
Grinder is dazzled.
The centaur closely misses you. The centaur barely misses you.
Grinder barely misses you.
You hit Grinder.
Grinder is heavily wounded.
The centaur hits you but does no damage.
Grinder barely misses you. The centaur barely misses you.
You closely miss Grinder.
Grinder is heavily wounded.
The centaur hits you. Grinder gestures at you. Pain shoots through your body!
* * * LOW HITPOINT WARNING * * *
You hit Grinder.
Grinder is heavily wounded.
The centaur closely misses you. Grinder barely misses you.
The howler monkey zombie barely misses you.
The centaur hits you!
* * * LOW HITPOINT WARNING * * *
Unknown command.
You barely miss the centaur.
The centaur is almost dead.
The centaur hits you!
You die...

Skill      XL: |  1  2  3  4  5  6  7 |
---------------+----------------------+-----
Conjurations   | 5 7 8 |  8.2
Spellcasting   | 3 4 |  4.8
Dodging        | |  1.7
Stealth        | |  1.7

Action                   |  1- 3 |  4- 6 |  7- 9 || total
-------------------------+-------+-------+-------++-------
Melee: Unarmed           |    24 |       |       ||    24
       Tailslap          |     2 |    13 |     6 ||    21
       Short sword       |    26 |    35 |       ||    61
       Spear             |       |    98 |    32 ||   130
 Cast: Magic Dart        |    20 |    15 |    27 ||    62
       Searing Ray       |     3 |    15 |       ||    18
       Dazzling Flash    |       |       |     1 ||     1
 Abil: Breathe Steam     |       |       |     2 ||     2
  Use: Potion            |       |     3 |     6 ||     9
       Scroll            |       |       |    11 ||    11
 Stab: Sleeping          |     3 |     4 |       ||     7
Armor: Skin              |    11 |    40 |    13 ||    64
Dodge: Dodged            |    40 |   100 |    29 ||   169

Levels and vault maps discovered:
D:1:      mrwooster_arrival_statue, layout_basic
D:2:      layout_loops_cross, lemuel_round_altar, serial_rivers,
          chequers_serial_rivers_marsh, chequers_serial_rivers_large_a,
          chequers_serial_rivers_room_a, chequers_serial_rivers_marsh,
          minmay_misc_feat_encased, minmay_hexomino_f4, uniq_crazy_yiuf_cottage,
          uniq_sigmund, uniq_terence
D:3:      layout_rooms, nicolae_overflow_crystal_walls, lemuel_round_altar,
          uniq_jessica
D:4:      layout_basic, serial_shops, shop
D:5:      layout_rooms, grunt_temple_overflow_open,
          minmay_temple_entry_glassed_door, nicolae_ossuary_entry_giza,
          uniq_grinder
Temple:   minmay_temple_curvy_loop

Notes
Turn   | Place    | Note
-------+----------+-------------------------------------------
     0 | D:1      | Dracia the Draconian Conjurer began the quest for the Orb.
     0 | D:1      | Reached XP level 1. HP: 14/14 MP: 3/3
   171 | D:1      | Reached XP level 2. HP: 16/20 MP: 0/5
   175 | D:1      | Learned a level 2 spell: Searing Ray
   872 | D:2      | You fall into a shaft and drop 2 floors!
   897 | D:4      | Reached XP level 3. HP: 21/26 MP: 1/6
  1254 | D:4      | Found Paaczan's Antique Weapon Shoppe.
  1297 | D:4      | Reached skill level 5 in Conjurations
  1349 | D:4      | Reached XP level 4. HP: 33/33 MP: 3/8
  1375 | D:4      | Reached skill level 3 in Spellcasting
  1466 | D:4      | Learned a level 3 spell: Dazzling Flash
  1518 | D:4      | Reached XP level 5. HP: 8/38 MP: 1/9
  1576 | D:4      | HP: 3/38 [poisoned by a worker ant]
  2147 | D:4      | Reached skill level 6 in Conjurations
  2320 | D:3      | Found a hide-covered altar of Uskayaw.
  2479 | D:2      | Learned a level 4 spell: Fulminant Prism
  2703 | D:2      | Found an iron altar of Okawaru.
  2804 | D:2      | Found a runed translucent door.
  2805 | D:2      | Noticed Crazy Yiuf
  2972 | D:2      | Noticed Sigmund
  2995 | D:2      | Killed Sigmund
  2995 | D:2      | Reached skill level 4 in Spellcasting
  2995 | D:2      | Reached skill level 7 in Conjurations
  2995 | D:2      | Reached XP level 6. HP: 27/45 MP: 2/12
  3334 | D:2      | Noticed Terence
  3343 | D:2      | Killed Terence
  3589 | D:2      | Killed Crazy Yiuf
  4552 | D:3      | Your scales start taking on a pale cyan-grey colour.
  4552 | D:3      | Reached XP level 7. HP: 50/50 MP: 13/13
  4558 | D:3      | Learned a level 4 spell: Iskenderun's Mystic Blast
  4696 | D:3      | Noticed Jessica
  4706 | D:3      | Killed Jessica
  4798 | D:3      | Found a shimmering blue altar of Sif Muna.
  5623 | D:4      | Gained mutation: You are occasionally teleported next to
                  | monsters. [potion of mutation]
  5623 | D:4      | Gained mutation: Your muscles are strong. (Str +2) [potion
                  | of mutation]
  5652 | D:5      | Entered Level 5 of the Dungeon
  5659 | D:5      | Reached skill level 8 in Conjurations
  5692 | D:5      | Found a staircase to the Ecumenical Temple.
  5703 | Temple   | Entered the Ecumenical Temple
  5850 | Temple   | Became a worshipper of Vehumet
  5927 | D:5      | Noticed Grinder
  5929 | D:5      | Paralysed by Grinder for 7 turns
  5941 | D:5      | Slain by a centaur

Vanquished Creatures
  Sigmund (D:2)
  A phantom (D:5)
  A howler monkey (D:4)
  Crazy Yiuf (D:2)
  4 orc priests
  2 centaur skeletons (D:5)
  Jessica (D:3)
  An iguana (D:4)
  Terence (D:2)
  4 worker ants (D:4)
  3 gnolls (D:3)
  2 adders (D:3)
  5 worms
  A dart slug (D:1)
  4 leopard geckos
  12 orcs
  2 ball pythons
  8 giant cockroaches
  2 goblins (D:1)
  9 hobgoblins
  9 jackals
  A quokka (D:2)
  5 bats
  3 frilled lizards
  8 kobolds
  A leopard gecko skeleton (D:4)
92 creatures vanquished.

Table legend: (Time is in decaauts)
 A = Elapsed time spent in this place.
 B = Non-inter-level travel time spent in this place.
 C = Inter-level travel time spent in this place.
 D = Time resting spent in this place.
 E = Time spent auto-exploring this place.
 F = Levels seen in this place.
 G = Mean time per level.
                   A        B        C        D        E       F      G
               +--------+--------+--------+--------+--------+-----+--------+
         Total |   5963 |   5810 |    153 |   1890 |   2902 |   6 |  993.8 |
       Dungeon |   5761 |   5608 |    153 |   1890 |   2902 |   5 | 1152.2 |
        Temple |    201 |    201 |      0 |      0 |      0 |   1 |  201.0 |
               +--------+--------+--------+--------+--------+-----+--------+

Top non-repeatable levels by time:
     D:4: 2029 daAuts
     D:2: 1662 daAuts
     D:3: 1164 daAuts
     D:1: 816 daAuts
  Temple: 201 daAuts
     D:5: 89 daAuts

Table legend:
 A = Non-vault XP
 B = Vault XP
 C = Vault XP percentage of total XP
 D = Non-vault monster count
 E = Vault monster count
 F = Vault count percentage of total count
                 A         B        C        D         E       F
            +---------+---------+-------+---------+---------+-------
      Total |     818 |     351 |  30.0 |      85 |       7 |   7.6
            +---------+---------+-------+---------+---------+-------
        D:1 |      30 |       0 |   0.0 |      16 |       0 |   0.0
        D:2 |      49 |     314 |  86.5 |      19 |       6 |  24.0
        D:3 |     202 |      37 |  15.5 |      28 |       1 |   3.4
        D:4 |     341 |       0 |   0.0 |      19 |       0 |   0.0
        D:5 |     196 |       0 |   0.0 |       3 |       0 |   0.0
            +---------+---------+-------+---------+---------+-------
